Satoshi, lawful male human Samurai ----------- ----------- ##-<........- |.........| # |.........| |rrr......-########### |.........| |rr.......| |.........| #@r...^....| .........| #---.------- ---+------- ### # # # # --------# |%%..%.|# |[[..%.-# |(.)%..| |.)++..| |[.).*.| -------- Satoshi the Ronin Experience level: 4 Strength: 15 Dexterity: 13 Constitution: 18 Intelligence: 10 Wisdom: 8 Charisma: 9 Health: 0(34) Energy: 15(15) Def: 10 Gold: 207 Moves: 1986 Dungeon seed: QQeIoEt4wMP_rh8M Game ID: Satoshi_1528271174 Your Inventory: Coins $ - 207 gold pieces Weapons a - an uncursed +0 katana (weapon in hand) c - a blessed +0 yumi (alternate weapon; not wielded) d - 36 uncursed +0 ya (in quiver) Armor e - an uncursed rustproof +0 splint mail (being worn) n - an uncursed +0 pair of iron shoes (being worn) r - an uncursed +0 Hawaiian shirt N - an uncursed +0 orcish helm (being worn) Y - an uncursed +0 oilskin cloak (being worn) Comestibles m - an uncursed fortune cookie q - an uncursed tripe ration Scrolls g - an uncursed scroll of teleportation i - an uncursed scroll of scare monster l - a blessed scroll of confuse monster s - an uncursed scroll of enchant weapon A - an uncursed scroll of light Potions j - an uncursed potion of gain ability k - a blessed potion of gain energy x - an uncursed potion of water Rings v - an uncursed ring of invisibility Wands J - an uncursed wand of sleep (0:6) Tools f - an uncursed expensive camera (0:62) H - an uncursed towel Spells and supernatural/magical abilities: Name Level Category Fail Memory h - healing 1 healing 100% 100% W - pray for help -- divine ? -- Your skills at the end: Fighting Skills martial arts [Basic] Weapon Skills short sword [Basic] long sword [Basic] bow [Basic] Spellcasting Skills Final Attributes: You were piously aligned. You were fast. You were unlucky. Amaterasu Omikami was angry with you. You are dead. Vanquished creatures: a large mimic 2 small mimics an orc zombie 7 manes a giant rat a jackal 3 foxes 3 kobolds a goblin 5 grid bugs 3 lichens a kobold zombie 4 newts 33 creatures vanquished. Voluntary challenges: You used a wielded weapon 39 times, starting on turn 47. You read items or engraved 7 times, starting on turn 786. You never genocided any monsters. You never polymorphed an object. You never changed form. You used no wishes. You never split a pudding. You never wrote Elbereth's name. You never violated your personal moral code. Dungeon overview: The Dungeons of Doom: levels 1 to 6 Level 1 a long staircase Level 2 a fountain Level 3 a fountain a long staircase Level 4 an armor shop Level 5 Level 6 <- You were here a general store History has recorded: On T:1 you entered the Dungeons of Doom to retrieve the Amulet of Yendor! On T:254 you reached level 2 of The Dungeons of Doom. On T:309 you advanced to experience level 2. On T:657 you reached level 3 of The Dungeons of Doom. On T:1007 you reached level 4 of The Dungeons of Doom. On T:1037 you advanced to experience level 3. On T:1178 you advanced to experience level 4. On T:1508 you reached level 5 of The Dungeons of Doom. On T:1806 you reached level 6 of The Dungeons of Doom. On T:1878 you advanced to experience level 5. Score breakdown: Gold: 207 ( 7885 points) Experience: 4 levels ( 9649 points) Exploration: 6 levels ( 12.00%) ( 9583 points) Discoveries: 6 items ( 2.44%) ( 4685 points) Valuables value: (no points given unless you survive) Artifact value: 0 ( 0 points) Variety of kills: 13 monsters ( 3.41%) ( 5541 points) Turncount: 1986 turns ( 0 points) Survival: died (score multiplied by 80%) Total score: 29874 Latest messages: It hits! (3x) The combat suddenly awakens you. The wererat summons help! The wererat zaps a wand of sleep! The sleep ray hits you! The sleep ray bounces! The sleep ray whizzes by you! The sleep ray hits it. (2x) It misses. It bites! (2x) The combat suddenly awakens you. The giant rat bites! (2x) The giant rat misses. The giant rat bites! The wererat changes into a rat. The giant rat misses. The wererat bites! The giant rat bites! The wererat bites! The giant rat misses. The wererat bites! You die... Final status: Sayonara Satoshi the Samurai, killed by a wererat... You died in The Dungeons of Doom on dungeon level 6 with 29874 points, and 207 pieces of gold, after 1986 moves. You were level 4 with a maximum of 34 hit points when you died.